| TOP OF THE 1ST |
|
Watertown Bucks batting - Pitching for St. Cloud Rox : LHP William Eason
|
|
Pitching: LHP William Eason
|
|
|
Batting: RHB Thomas Dimino
|
0-0: Ball 1-0: Ball 2-0: Called Strike 2-1: Foul Ball, location: 2F 2-2: Strikes out swinging
|
|
Batting: RHB Robert Tanzi
|
0-0: Called Strike 0-1: Fly out, F9 (Line Drive, 9, EV 90.6 MPH)
|
|
Batting: RHB Sebastiano Borriello
|
0-0: Ball 1-0: Ball 2-0: Ball 3-0: Base on Balls
|
|
Batting: RHB Richard Plautz
|
0-0: Foul Ball, location: 2F 0-1: Ball 1-1: SINGLE (Line Drive, 4MD, EV 106.9 MPH) Sebastiano Borriello to second Runner from 2nd tries for 3rd, SAFE, throw by CF made to third
|
|
Batting: LHB Greg Guin
|
0-0: Ball 1-0: Ball 2-0: Called Strike 2-1: Foul Ball, location: 2F 2-2: Fly out, F7 (Flyball, 7S, EV 81.3 MPH)
|
| Top of the 1st over - 0 runs, 1 hit, 0 errors, 2 left on base; Watertown 0 - St. Cloud 0 |
| BOTTOM OF THE 1ST |
|
St. Cloud Rox batting - Pitching for Watertown Bucks : RHP Tony Valenzuela
|
|
Pitching: RHP Tony Valenzuela
|
|
|
Batting: LHB Doran Perdue
|
0-0: Ball 1-0: Swinging Strike 1-1: Called Strike 1-2: DOUBLE (Line Drive, 78D, EV 103.8 MPH)
|
|
Batting: RHB Dennis Sherrill
|
0-0: Foul Ball, location: 2F 0-1: Ball 1-1: Ball 2-1: Foul Ball, location: 2F 2-2: Foul Ball, location: 2F 2-2: SINGLE (Line Drive, 56, EV 94.4 MPH) Doran Perdue to third
|
|
Batting: SHB R J Reynolds
|
0-0: Ball 1-0: Swinging Strike 1-1: Ball 2-1: Fly out, F8 (Flyball, 8RXD, EV 104.4 MPH) Runner from 3rd tags up, SCORES, no throw by CF
|
|
Batting: LHB Curtis Morgan
|
0-0: Ball 1-0: Ball 2-0: Ball 3-0: Called Strike 3-1: Foul Ball, location: 2F 3-2: Base on Balls Dennis Sherrill to second
|
|
Batting: RHB Ron Gooch
|
0-0: Ball 1-0: Called Strike 1-1: Called Strike 1-2: Foul Ball, location: 2F 1-2: Ball 2-2: Fielders Choice at 2nd, 3-6 (Groundball, 3, EV 81.9 MPH) Dennis Sherrill to third
|
|
Batting: RHB Domingos Maravilhas
|
0-0: Ball 1-0: Fielders Choice at 2nd, 6-4 (Groundball, 6, EV 100.0 MPH)
|
| Bottom of the 1st over - 1 run, 2 hits, 0 errors, 2 left on base; Watertown 0 - St. Cloud 1 |
| TOP OF THE 2ND |
|
Watertown Bucks batting - Pitching for St. Cloud Rox : LHP William Eason
|
|
Batting: RHB Eugene Cattane
|
0-0: Ball 1-0: Ground out 1-3 (Groundball, 13S, EV 72.5 MPH)
|
|
Batting: SHB Bruce Hines
|
0-0: Called Strike 0-1: Called Strike 0-2: Strikes out swinging
|
|
Batting: SHB Luis Rivera
|
0-0: SINGLE (Flyball, 89S, EV 84.4 MPH)
|
|
Batting: LHB Carl Spikes
|
0-0: Ball 1-0: Called Strike 1-1: Ball 2-1: Called Strike 2-2: Foul Ball, location: 2F 2-2: Fly out, F7 (Flyball, 7D, EV 106.3 MPH)
|
| Top of the 2nd over - 0 runs, 1 hit, 0 errors, 1 left on base; Watertown 0 - St. Cloud 1 |
| BOTTOM OF THE 2ND |
|
St. Cloud Rox batting - Pitching for Watertown Bucks : RHP Tony Valenzuela
|
|
Batting: SHB Manny Galvez
|
0-0: Fly out, F9 (Flyball, 9LS, EV 84.4 MPH)
|
|
Batting: RHB Butch Benton
|
0-0: Swinging Strike 0-1: Ball 1-1: Foul Ball, location: 2F 1-2: Ground out 6-3 (Groundball, 6, EV 82.5 MPH)
|
|
Batting: RHB Jack Hudson
|
0-0: SINGLE (Flyball, 7S, EV 97.5 MPH)
|
|
Batting: LHB Doran Perdue
|
Pickoff Throw to First - Out! 1-3
|
| Bottom of the 2nd over - 0 runs, 1 hit, 0 errors, 0 left on base; Watertown 0 - St. Cloud 1 |
| TOP OF THE 3RD |
|
Watertown Bucks batting - Pitching for St. Cloud Rox : LHP William Eason
|
|
Batting: RHB Thomas Dimino
|
0-0: Foul Ball, location: 2F 0-1: Ball 1-1: Ball 2-1: Ball 3-1: Foul Ball, location: 2F 3-2: Base on Balls
|
|
Batting: RHB Robert Tanzi
|
0-0: Ball 1-0: Called Strike 1-1: Ball 2-1: Swinging Strike 2-2: Strikes out swinging
|
|
Batting: RHB Sebastiano Borriello
|
0-0: Ball 1-0: SINGLE (Line Drive, 4MD, EV 105.6 MPH) Thomas Dimino to second
|
|
Batting: RHB Richard Plautz
|
0-0: Foul Ball, location: 2F 0-1: Fielders Choice at 2nd, 3-6 (Groundball, 3, EV 77.5 MPH) Thomas Dimino to third
|
|
Batting: LHB Greg Guin
|
0-0: Called Strike 0-1: Swinging Strike 0-2: Ball 1-2: Foul Ball, location: 2F 1-2: Strikes out looking
|
| Top of the 3rd over - 0 runs, 1 hit, 0 errors, 2 left on base; Watertown 0 - St. Cloud 1 |
| BOTTOM OF THE 3RD |
|
St. Cloud Rox batting - Pitching for Watertown Bucks : RHP Tony Valenzuela
|
|
Batting: LHB Doran Perdue
|
0-0: Ball 1-0: Called Strike 1-1: Fly out, F7 (Flyball, 7, EV 93.1 MPH)
|
|
Batting: RHB Dennis Sherrill
|
0-0: Foul Ball, location: 2F 0-1: Called Strike 0-2: Ball 1-2: Foul Ball, location: 2F 1-2: Strikes out looking
|
|
Batting: SHB R J Reynolds
|
0-0: Ball 1-0: SINGLE (Groundball, 5D, EV 95.0 MPH)
|
|
Batting: LHB Curtis Morgan
|
0-0: Called Strike R J Reynolds is caught stealing 2nd base 2-6
|
| Bottom of the 3rd over - 0 runs, 1 hit, 0 errors, 0 left on base; Watertown 0 - St. Cloud 1 |
| TOP OF THE 4TH |
|
Watertown Bucks batting - Pitching for St. Cloud Rox : LHP William Eason
|
|
Batting: RHB Eugene Cattane
|
0-0: Ball 1-0: Called Strike 1-1: Called Strike 1-2: Foul Ball, location: 2F 1-2: Ground out U3 (Groundball, 13, EV 79.4 MPH)
|
|
Batting: SHB Bruce Hines
|
0-0: Single, Error in OF, E8, batter to second base (Groundball, 4MD, EV 101.3 MPH)
|
|
Batting: SHB Luis Rivera
|
0-0: Ball 1-0: Called Strike 1-1: Foul Ball, location: 2F 1-2: Ball 2-2: Foul Ball, location: 2F 2-2: Ball 3-2: Ground out 5-3 (Groundball, 56, EV 91.9 MPH)
|
|
Batting: LHB Carl Spikes
|
0-0: Ball 1-0: Fly out, F6 (Flyball, 6MD, EV 81.9 MPH)
|
| Top of the 4th over - 0 runs, 1 hit, 1 error, 1 left on base; Watertown 0 - St. Cloud 1 |
| BOTTOM OF THE 4TH |
|
St. Cloud Rox batting - Pitching for Watertown Bucks : RHP Tony Valenzuela
|
|
Batting: LHB Curtis Morgan
|
0-0: Swinging Strike 0-1: Ball 1-1: Ball 2-1: Ball 3-1: Base on Balls
|
|
Batting: RHB Ron Gooch
|
0-0: Grounds into double play, 6-4-3 (Groundball, 6, EV 106.9 MPH)
|
|
Batting: RHB Domingos Maravilhas
|
0-0: Called Strike 0-1: Ball 1-1: Called Strike 1-2: Ball 2-2: SINGLE (Groundball, 56D, EV 95.6 MPH)
|
|
Batting: SHB Manny Galvez
|
0-0: Ball 1-0: Ball 2-0: Called Strike 2-1: Foul Ball, location: 2F 2-2: Ball Domingos Maravilhas steals 2nd base 3-2: Strikes out swinging
|
| Bottom of the 4th over - 0 runs, 1 hit, 0 errors, 1 left on base; Watertown 0 - St. Cloud 1 |
| TOP OF THE 5TH |
|
Watertown Bucks batting - Pitching for St. Cloud Rox : LHP William Eason
|
|
Batting: RHB Thomas Dimino
|
0-0: Ball 1-0: Ball 2-0: Ground out 4-3 (Groundball, 34, EV 105.0 MPH)
|
|
Batting: RHB Robert Tanzi
|
0-0: Fly out, F8 (Line Drive, 8RM, EV 98.8 MPH)
|
|
Batting: RHB Sebastiano Borriello
|
0-0: Fly out, F7 (Line Drive, 7, EV 97.5 MPH)
|
| Top of the 5th over - 0 runs, 0 hits, 0 errors, 0 left on base; Watertown 0 - St. Cloud 1 |
| BOTTOM OF THE 5TH |
|
St. Cloud Rox batting - Pitching for Watertown Bucks : RHP Tony Valenzuela
|
|
Batting: RHB Butch Benton
|
0-0: Called Strike 0-1: Swinging Strike 0-2: Ball 1-2: Ground out 4-3 (Groundball, 34, EV 100.6 MPH)
|
|
Batting: RHB Jack Hudson
|
0-0: Called Strike 0-1: Called Strike 0-2: Ground out 6-3 (Groundball, 56D, EV 92.5 MPH)
|
|
Batting: LHB Doran Perdue
|
0-0: Called Strike 0-1: Ground out U3 (Groundball, 3, EV 90.0 MPH)
|
| Bottom of the 5th over - 0 runs, 0 hits, 0 errors, 0 left on base; Watertown 0 - St. Cloud 1 |
| TOP OF THE 6TH |
|
Watertown Bucks batting - Pitching for St. Cloud Rox : LHP William Eason
|
|
Batting: RHB Richard Plautz
|
0-0: Foul Ball, location: 2F 0-1: Ball 1-1: Fly out, F8 (Line Drive, 8LM, EV 96.3 MPH)
|
|
Batting: LHB Greg Guin
|
0-0: Swinging Strike 0-1: Ground out 4-3 (Groundball, 4, EV 103.1 MPH)
|
|
Batting: RHB Eugene Cattane
|
0-0: Swinging Strike 0-1: Swinging Strike 0-2: Ball 1-2: Foul Ball, location: 2F 1-2: SINGLE (Line Drive, 89S, EV 90.6 MPH)
|
|
Batting: SHB Bruce Hines
|
0-0: Swinging Strike 0-1: Ball 1-1: Ball 2-1: Called Strike 2-2: Ball 3-2: Ground out 6-3 (Groundball, 6, EV 108.8 MPH)
|
| Top of the 6th over - 0 runs, 1 hit, 0 errors, 1 left on base; Watertown 0 - St. Cloud 1 |
| BOTTOM OF THE 6TH |
|
St. Cloud Rox batting - Pitching for Watertown Bucks : RHP Tony Valenzuela
|
|
Batting: RHB Dennis Sherrill
|
0-0: Called Strike 0-1: Called Strike 0-2: Ball 1-2: Foul Ball, location: 2F 1-2: Ball 2-2: Fly out, F9 (Flyball, 9S, EV 78.1 MPH)
|
|
Batting: SHB R J Reynolds
|
0-0: Called Strike 0-1: Ball 1-1: Called Strike 1-2: Foul Ball, location: 2F 1-2: Strikes out swinging
|
|
Batting: LHB Curtis Morgan
|
0-0: Ball 1-0: Called Strike 1-1: Fly out, F9 (Flyball, 9S, EV 96.9 MPH)
|
| Bottom of the 6th over - 0 runs, 0 hits, 0 errors, 0 left on base; Watertown 0 - St. Cloud 1 |
| TOP OF THE 7TH |
|
Watertown Bucks batting - Pitching for St. Cloud Rox : LHP William Eason
|
|
Batting: SHB Luis Rivera
|
0-0: Called Strike 0-1: Ball 1-1: Ball 2-1: Ball 3-1: Called Strike 3-2: Foul Ball, location: 2F 3-2: Foul Ball, location: 2F 3-2: Base on Balls
|
|
Pinch Hitting: RHB Bob Volk
|
0-0: Ball 1-0: Called Strike 1-1: Ball 2-1: Swinging Strike 2-2: Strikes out swinging
|
|
Pitching: LHP Gibson Alba
|
|
|
Batting: RHB Thomas Dimino
|
0-0: Ball 1-0: Ball 2-0: Ball 3-0: Foul Ball, location: 2F 3-1: Fly out, F9 (Flyball, 9LS, EV 90.6 MPH)
|
|
Batting: RHB Robert Tanzi
|
0-0: Ground out 4-3 (Groundball, 4D, EV 103.1 MPH)
|
| Top of the 7th over - 0 runs, 0 hits, 0 errors, 1 left on base; Watertown 0 - St. Cloud 1 |
| BOTTOM OF THE 7TH |
|
St. Cloud Rox batting - Pitching for Watertown Bucks : RHP Tony Valenzuela
|
|
Now in CF: Manuel Vigil
|
|
|
Batting: RHB Ron Gooch
|
0-0: Ball 1-0: Ball 2-0: Called Strike 2-1: Fly out, F9 (Line Drive, 9D, EV 104.4 MPH)
|
|
Batting: RHB Domingos Maravilhas
|
0-0: Called Strike 0-1: Called Strike 0-2: Ball 1-2: Fly out, F6 (Popup, 6MS, EV 81.3 MPH)
|
|
Batting: SHB Manny Galvez
|
0-0: SINGLE (Flyball, 4D, EV 89.4 MPH)
|
|
Batting: RHB Butch Benton
|
0-0: Ball 1-0: Called Strike Manny Galvez steals 2nd base 1-1: Intentional Walk
|
|
Batting: RHB Jack Hudson
|
0-0: Called Strike 0-1: Foul Ball, location: 2F 0-2: Ball 1-2: Ball 2-2: Ball 3-2: Strikes out swinging
|
| Bottom of the 7th over - 0 runs, 1 hit, 0 errors, 2 left on base; Watertown 0 - St. Cloud 1 |
| TOP OF THE 8TH |
|
Watertown Bucks batting - Pitching for St. Cloud Rox : LHP Gibson Alba
|
|
Batting: RHB Sebastiano Borriello
|
0-0: Swinging Strike 0-1: Swinging Strike 0-2: Strikes out swinging
|
|
Batting: RHB Richard Plautz
|
0-0: Ball 1-0: Ball 2-0: Called Strike 2-1: Ball 3-1: SINGLE (Groundball, 4D, EV 108.1 MPH)
|
|
Pitching: RHP Lawrence Crews
|
|
|
Batting: LHB Greg Guin
|
0-0: Ball 1-0: Fielders Choice at 2nd, 4-6 (Groundball, 34S, EV 89.4 MPH)
|
|
Pinch Hitting: LHB Bryan Neal
|
0-0: Called Strike 0-1: Called Strike 0-2: Strikes out looking
|
| Top of the 8th over - 0 runs, 1 hit, 0 errors, 1 left on base; Watertown 0 - St. Cloud 1 |
| BOTTOM OF THE 8TH |
|
St. Cloud Rox batting - Pitching for Watertown Bucks : RHP Tony Valenzuela
|
|
Now in LF: Bryan Neal
|
|
|
Batting: LHB Doran Perdue
|
0-0: Ball 1-0: Ball 2-0: Foul Ball, location: 2F 2-1: Ground out 4-3 (Groundball, 34, EV 88.8 MPH)
|
|
Batting: RHB Dennis Sherrill
|
0-0: Called Strike 0-1: SINGLE (Line Drive, 89M, EV 101.9 MPH)
|
|
Batting: SHB R J Reynolds
|
0-0: Foul Ball, location: 2F 0-1: SINGLE (Line Drive, 78S, EV 106.3 MPH) Dennis Sherrill to second
|
|
Batting: LHB Curtis Morgan
|
0-0: Ball 1-0: Called Strike 1-1: Ball 2-1: Ball 3-1: Fly out, F9 (Flyball, 9D, EV 102.5 MPH) Runner from 2nd tags up, SAFE at 3rd, no throw by RF
|
|
Batting: RHB Ron Gooch
|
0-0: Called Strike 0-1: Ball 1-1: Ball 2-1: Foul Ball, location: 2F 2-2: SINGLE (Line Drive, 4MD, EV 99.4 MPH) Dennis Sherrill scores R J Reynolds to second Runner from 2nd tries for 3rd, SAFE, throw by CF made to third
|
|
Pitching: RHP Michael Beecroft
|
|
|
Batting: RHB Domingos Maravilhas
|
0-0: Called Strike 0-1: Ball 1-1: Ball 2-1: Foul Ball, location: 2F 2-2: Ball 3-2: Foul Ball, location: 2F 3-2: Foul Ball, location: 2F 3-2: Base on Balls Ron Gooch to second
|
|
Batting: SHB Manny Galvez
|
0-0: Swinging Strike 0-1: Ground out U3 (Groundball, 3S, EV 86.3 MPH)
|
| Bottom of the 8th over - 1 run, 3 hits, 0 errors, 3 left on base; Watertown 0 - St. Cloud 2 |
| TOP OF THE 9TH |
|
Watertown Bucks batting - Pitching for St. Cloud Rox : RHP Lawrence Crews
|
|
Pitching: RHP Mitch Zwolensky
|
|
|
Batting: SHB Bruce Hines
|
0-0: Ball 1-0: Ball 2-0: Ball 3-0: Base on Balls
|
|
Pinch Hitting: RHB Randy Hunt
|
0-0: Ball 1-0: Called Strike 1-1: Ball 2-1: Foul Ball, location: 2F 2-2: Strikes out looking
|
|
Batting: LHB Manuel Vigil
|
0-0: Called Strike 0-1: Ball 1-1: SINGLE (Groundball, 34D, EV 101.9 MPH) Bruce Hines to second
|
|
Batting: RHB Thomas Dimino
|
0-0: Foul Ball, location: 2F 0-1: Ball 1-1: Foul Ball, location: 2F 1-2: Strikes out swinging
|
|
Batting: RHB Robert Tanzi
|
0-0: Swinging Strike 0-1: Foul Ball, location: 2F 0-2: Fly out, F8 (Flyball, 8RM, EV 90.6 MPH)
|
| Top of the 9th over - 0 runs, 1 hit, 0 errors, 2 left on base; Watertown 0 - St. Cloud 2 |
|